 Dungeon Crawl Stone Soup version 0.27.1-4-g1640c2035a (webtiles) character file.

Game seed: 13651454328525505543

70 Gabide the Charlatan (level 4, -2/32 HPs)
             Began as a Human Artificer on Nov 2, 2021.
             Was a Believer of Zin.
             Slain by Sigmund (9 damage)
             ... on level 2 of the Dungeon.
             The game lasted 00:04:19 (2639 turns).

Gabide the Charlatan (Human Artificer)              Turns: 2639, Time: 00:04:19

Health: -2/32      AC:  5    Str: 13    XL:     4   Next: 44%
Magic:  4/4        EV: 12    Int: 11    God:    Zin [**....]
Gold:   97         SH:  0    Dex: 14    Spells: 3/3 levels left

rFire    . . .     SeeInvis .   k - +0 mace
rCold    . . .     Faith    .   (no shield)
rNeg     . . .     Spirit   .   b - +0 leather armour
rPois    .         Reflect  .   f - +0 helmet
rElec    .         Harm     .   (no cloak)
rCorr    .         Rampage  .   a - +0 pair of gloves
Will     .....                  (no boots)
Stlth    +.........             (no amulet)
HPRegen  0.10/turn              (no ring)
MPRegen  0.09/turn              (no ring)

@: brilliant
A: no striking features
a: Renounce Religion, Recite, Vitalisation, Donate Gold


You were on level 2 of the Dungeon.
You worshipped Zin.
Zin was pleased with you.
You visited 1 branch of the dungeon, and saw 2 of its levels.

You collected 107 gold pieces.
You donated 10 gold pieces to Zin.

Inventory:

Hand Weapons
 k - a +0 mace (weapon)
Armour
 a - a +0 pair of gloves (worn)
 b - a +0 leather armour (worn)
 f - a +0 helmet (worn)
Wands
 d - a wand of charming (14)
Scrolls
 g - a scroll of immolation
 l - a scroll of silence
Potions
 i - a potion of might {unknown}
 j - a potion of degeneration {unknown}


   Skills:
 * Level 1.2 Fighting
 + Level 1.7 Maces & Flails
 + Level 2.4 Armour
 * Level 2.2 Dodging
 - Level 1.0 Stealth
 + Level 3.5 Evocations


You had 3 spell levels left.
You didn't know any spells.
Your spell library was empty.

Dungeon Overview and Level Annotations

Branches:
Dungeon (2/15)

Altars:
Xom
Zin

Shops:
D:2 (

Annotations:
D:2 Sigmund


Message History

Sigmund is lightly wounded.
The puff of flame hits Sigmund!
Sigmund is heavily wounded.
The puff of flame hits Sigmund.
Sigmund is heavily wounded.
The now-empty wand crumbles to dust.
Sigmund mumbles some strange words.
Sigmund flickers and vanishes!
Deactivating autopickup; reactivate with Ctrl-A.
Okay, then.
No target in view!
You hear some strange, mumbled words.
A puff of flame appears from out of thin air!
The puff of flame hits you!
You closely miss something. Something hits you.
You closely miss something. Something hits you but does no damage.
You barely miss something. Something hits you.
You miss something.
You hear some strange, mumbled words.
A magic dart appears from out of thin air!
The magic dart hits you.
* * * LOW HITPOINT WARNING * * *
It was a potion of brilliance.
You feel clever all of a sudden. Something hits you.
* * * LOW HITPOINT WARNING * * *
It was a potion of curing.
You feel better. Something hits you but does no damage.
You hit something but do no damage. You barely miss something.
Something hits you!
* * * LOW HITPOINT WARNING * * *
Okay, then.
Aiming: Charm
Press: ? - help, Shift-Dir - straight line You detect the charmed Sigmund.
Reactivating autopickup.
Sigmund is no longer charmed.
Sigmund says, "You will soon forget everything."
Sigmund hits you with a +1 vampiric scythe!
You die...

#.# ####.# #....#
## #.#####
#######... #.....#
#......... ##.##.#
#.........
#..##### #.......#
#..#∩'.# #.......#
##.###@###.......#
###.#.@.........#
.###.##'###### .#
#.#<..# .
..#.#.#######
#####.#.......#
######....####.#
#....####.# #.####
###....## #.#
#.....


You could see Sigmund.

Vanquished Creatures
  Jessica (D:2)
  A hound skeleton (D:2)
  5 endoplasms
  2 giant cockroaches (D:1)
  3 hobgoblins
  5 bats
  2 frilled lizards (D:2)
  2 goblins
  4 kobolds
  6 rats
31 creatures vanquished.

Notes
Turn   | Place    | Note
-------+----------+-------------------------------------------
     0 | D:1      | Gabide the Human Artificer began the quest for the Orb.
     0 | D:1      | Reached XP level 1. HP: 15/15 MP: 1/1
     4 | D:1      | Found a faded altar of an unknown god.
    91 | D:1      | Became a worshipper of Zin the Law-Giver
    91 | D:1      | Reached * piety under Zin
   355 | D:1      | Reached XP level 2. HP: 19/21 MP: 2/2
  1086 | D:1      | Reached ** piety under Zin
  1314 | D:2      | Reached skill level 1 in Maces & Flails
  1314 | D:2      | Reached XP level 3. HP: 20/26 MP: 3/3
  1782 | D:2      | Found a shimmering altar of Xom.
  1958 | D:2      | Found Wuuva's Weapon Shoppe.
  1988 | D:2      | Noticed Jessica
  1993 | D:2      | Killed Jessica
  1994 | D:2      | Reached XP level 4. HP: 15/32 MP: 4/4
  2312 | D:2      | Noticed Sigmund
  2639 | D:2      | Slain by Sigmund

Illustrated notes

Levels and vault maps discovered:
D:1:      minmay_arrival_semitransparent, layout_loops_ring,
          ebering_ecumenical_altar_rust, serial_glass, glass_columns_a,
          glass_columns_a, glass_columns_b, glass_columns_a, minmay_tromino_v4_c
D:2:      layout_basic, serial_shops, nicolae_shop_window_shopping, basic_altar,
          uniq_sigmund, uniq_jessica

Skill      XL: |  1  2  3 |
---------------+----------+-----
Maces & Flails | 1 |  1.7
Dodging        | 2 |  2.2
Fighting       | |  1.2
Armour         | |  2.4
Stealth        | |  1.0
Evocations     | |  3.5

Action                   |  1- 3 |  4- 6 || total
-------------------------+-------+-------++-------
Melee: Club              |    50 |       ||    50
       Mace              |    39 |    25 ||    64
Evoke: Wand              |    12 |     4 ||    16
  Use: Scroll            |     2 |       ||     2
       Potion            |       |     2 ||     2
 Stab: Sleeping          |     1 |     1 ||     2
Armor: Leather armour    |    55 |     9 ||    64
Dodge: Dodged            |    80 |    12 ||    92
